 Dungeon Crawl Stone Soup version 0.32-a0-886-g41c5271027 (webtiles) character file.

Game seed: 12371023020759541551

97 sasquatch the Chopper (level 4, -7/35 (38) HPs)
             Began as a Mountain Dwarf Reaver on Apr 2, 2024.
             Killed from afar by an orc wizard (9 damage)
             ... with a puff of flame
             ... on level 3 of the Dungeon.
             The game lasted 00:05:13 (2076 turns).

sasquatch the Chopper (Mountain Dwarf Reaver)       Turns: 2076, Time: 00:05:13

HP:   -7/35 (38)    AC:  3    Str: 16    XL:     4   Next: 42%
MP:   0/7           EV: 10    Int: 20    God:
Gold: 125           SH:  0    Dex:  8    Spells: 4/7 levels left

rFire   . . .        a - +0 hand axe
rCold   . . .        (no shield)
rNeg    . . .        b - +0 leather armour
rPois   .            (no helmet)
rElec   .            (no cloak)
rCorr   .            (no gloves)
SInv    .            (no boots)
Will    .....        (no amulet)
Stlth   +            f - +6 ring of intelligence
HPRegen 0.25/turn    (no ring)
MPRegen 0.10/turn

%: no passive effects
@: mighty, very slightly contaminated, drained
A: runic magic, artefact enchanting
a: no special abilities


You were on level 3 of the Dungeon.
You visited 1 branch of the dungeon, and saw 3 of its levels.

You collected 125 gold pieces.

Inventory:

Hand Weapons
 a - a +0 hand axe (weapon)
 l - a +0 battleaxe
Missiles
 e - 5 poisoned darts
 j - a throwing net
Armour
 b - a +0 leather armour (worn)
Jewellery
 f - a +6 ring of intelligence (left hand)
Scrolls
 c - a scroll of revelation {unknown}
 h - a scroll of poison {unknown}
Potions
 i - a potion of lignification {unknown}
 k - a potion of attraction {unknown}
 m - a potion of cancellation {unknown}


   Skills:
 + Level 3.1 Fighting
 * Level 5.0 Axes
 - Level 1.5 Dodging
 - Level 2.0 Spellcasting
 + Level 3.2 Conjurations


You had 4 spell levels left.
You knew the following spells:

 Your Spells              Type           Power      Damage    Failure   Level
a - Kiss of Death         Conj/Necr      32%        2d7       9%          1
b - Momentum Strike       Conj/Tloc      16%        3d8       13%         2

Your spell library contained the following spells:

 Spells                   Type           Power      Damage    Failure   Level
 Hailstorm                Conj/Ice       8%         3d5       26%         3


Dungeon Overview and Level Annotations

Branches:
Dungeon (3/15)

Altars:
Vehumet


Innate Abilities, Weirdness & Mutations

Your spellcasting is much less encumbered by armour.
You can use scrolls of enchantment on lesser artefacts.


Message History

Press: ? - help, Dir - move target, f/p - orc wizard
Aim: an orc wizard, wielding a +0 dagger and wearing a +0 robe (60% to hit)
You miscast Momentum Strike.
Nothing appears to happen.
The orc wizard points at you and mumbles some strange words.
The puff of flame hits you!
* * * LOW HITPOINT WARNING * * *
It was a potion of curing.
You feel better. The orc wizard closely misses you.
Casting: Momentum Strike (safe; 13% risk of failure)
Confirm with . or Enter, or press ? or * to list all spells.
Aiming: Momentum Strike (safe; 13% risk of failure)
Press: ? - help, Dir - move target, f/p - orc wizard
Aim: an orc wizard, wielding a +0 dagger and wearing a +0 robe (60% to hit)
The concentrated momentum hits the orc wizard.
The orc wizard is heavily wounded.
You are unable to move.
The orc wizard closely misses you.
You hit the orc wizard but do no damage.
The orc wizard is heavily wounded.
The orc wizard points at you and mumbles some strange words.
The puff of flame hits you!
* * * LOW HITPOINT WARNING * * *
You hit the orc wizard.
The orc wizard is severely wounded.
The orc wizard hits you but does no damage.
You feel better.
The orc wizard hits you with a +0 dagger.
* * * LOW HITPOINT WARNING * * *
You barely miss the orc wizard.
The orc wizard is severely wounded.
The orc wizard points at you and mumbles some strange words.
The magic dart hits you.
* * * LOW HITPOINT WARNING * * *
You hit the orc wizard.
The orc wizard is almost dead.
The orc wizard barely misses you.
The orc wizard hits you but does no damage.
It was a potion of might.
You feel very mighty all of a sudden.
You are no longer robbed of momentum.
The orc wizard gestures at you while chanting.
The puff of flame hits you!
You die...

#.###..####.# #.# #...<.#.##
#.###..##....######
#...<..####.......# ..o..
###.##......#####.#### ....
..#.######### #....# .oo# #...#
####.# ...#
....################.## ...#
.##.##.......#..@ooo..# ...#
.##.##...#####.#####..######...##
....##...# PP #..#..........
###.##...# PP ##..o..oo.....
....##...# # #.#..........
###.##...# #.######...## #.##...#
..# ...# #.####.# #### ...# #)#
#†# ...#


You could see an orc wizard and 2 orcs.

Vanquished Creatures
  3 gnolls (D:2)
  An adder (D:2)
  A dart slug (D:2)
  2 orcs (D:3)
  4 bats
  4 endoplasms
  9 hobgoblins
  11 jackals (D:2)
  2 kobolds
  2 quokkas (D:1)
  3 ball pythons
  A frilled lizard (D:2)
  A goblin (D:1)
  5 rats
49 creatures vanquished.

Notes
Turn   | Place    | Note
-------+----------+-------------------------------------------
     0 | D:1      | sasquatch the Mountain Dwarf Reaver began the quest for the
                  | Orb.
     0 | D:1      | Reached XP level 1. HP: 17/17 MP: 3/3
   311 | D:1      | Reached XP level 2. HP: 25/25 MP: 4/4
   314 | D:1      | Learned a level 2 spell: Momentum Strike
   500 | D:1      | Reached skill level 4 in Axes
   854 | D:2      | Reached XP level 3. HP: 30/30 MP: 3/6
  1369 | D:2      | Reached XP level 4. HP: 26/38 MP: 4/7
  1517 | D:2      | Reached skill level 5 in Axes
  1806 | D:2      | Found a radiant altar of Vehumet.
  2071 | D:3      | HP: 1/35 [orc wizard/puff of flame (13)]
  2076 | D:3      | Killed from afar by an orc wizard

Illustrated notes

Levels and vault maps discovered:
D:1:      dpeg_arrival_fog, layout_loops_cross
D:2:      layout_loops_corners, basic_altar
D:3:      layout_loops_cross, mainiacjoe_sewer_entry_somewhere_in_here_1,
          lexackson_kobold_supper

Skill      XL: |  1  2  3  4 |
---------------+-------------+-----
Spellcasting   | 2 |  2.0
Axes           | 4 5 |  5.0
Conjurations   | 3 |  3.2
Fighting       | 3 |  3.1
Dodging        | |  1.5

Action                     |  1- 3 |  4- 6 || total
---------------------------+-------+-------++-------
  Melee: Hand axe          |   143 |    34 ||   177
   Cast: Momentum Strike   |     2 |     2 ||     4
         Kiss of Death     |       |     1 ||     1
    Use: Potion            |       |     3 ||     3
 Armour: Leather armour    |   102 |    26 ||   128
  Dodge: Dodged            |   103 |    12 ||   115

Table legend: (Time is in decaauts)
 A = Elapsed time spent in this place.
 B = Non-inter-level travel time spent in this place.
 C = Inter-level travel time spent in this place.
 D = Time resting spent in this place.
 E = Time spent auto-exploring this place.
 F = Levels seen in this place.
 G = Mean time per level.
                   A        B        C        D        E       F      G
               +--------+--------+--------+--------+--------+-----+--------+
         Total |   2090 |   2054 |     36 |      6 |   1658 |   3 |  696.7 |
       Dungeon |   2090 |   2054 |     36 |      6 |   1658 |   3 |  696.7 |
               +--------+--------+--------+--------+--------+-----+--------+

Top non-repeatable levels by time:
     D:2: 1202 daAuts
     D:1: 719 daAuts
     D:3: 168 daAuts
